cohdb
Replays
Latest Replays
All Replays
Popular Replays
Top Player Replays
Match Explorer
How It Works
Community
CoH3 Stats
Reddit
Sign in to upload your games and track your stats! →
Sign in with Steam
Match 38671548
Unlisted
Match 38671548
Overview
Messages
Build Orders
End
Construct Weapon Support Center
Engineer Squad
Selects Armored Battlegroup
Selects Assault Engineers
M1919 Machine Gun Team
Assault Engineer Squad
Assault Engineer Squad
Air Support Center
M3 Armored Personnel Carrier
Grasshopper Recon Run
P-47 Strafing Run
P-47 Strafing Run
Assault Engineer Squad
Air Supply
P-47 Dive Bomb
P-47 Strafing Run
Grasshopper Recon Run
M3 Armored Personnel Carrier
Double Sortie
Selects Strength in Steel
Air Supremacy
P-47 Dive Bomb
M3 Armored Personnel Carrier
Grasshopper Recon Run
Honey
khj
Zebra
스팀계정족같네
bluetooth
SUPER_NOOB
Granduca
=RUN=TWOMAn
0
0
Comments
sign in to comment!
No comments posted yet!